 Dungeon Crawl Stone Soup version 0.29.0-11-gd7f09526c8 (webtiles) character file.

Game seed: 14061362541640867551

3623 greasedhog the Skirmisher (level 10, 0/106 HPs)
             Began as a Gnoll Hunter on Sept 4, 2022.
             Was a Follower of Hepliaklqana.
             Succumbed to a killer bee's poison
             ... on level 7 of the Dungeon.
             The game lasted 00:14:06 (9797 turns).

greasedhog the Skirmisher (Gnoll Hunter)            Turns: 9797, Time: 00:14:07

Health: 0/106      AC:  6    Str: 10    XL:     10   Next: 11%
Magic:  17/17      EV: 16    Int:  9    God:    Hepliaklqana [*.....]
Gold:   407        SH:  0    Dex: 20    Spells: 19/19 levels left

rFire   . . .      SeeInvis .   h - +2 rapier (vamp)
rCold   . . .      Faith    .   (no shield)
rNeg    . . .      Spirit   .   c - +0 leather armour
rPois   .          Reflect  .   (no helmet)
rElec   .          Harm     .   (no cloak)
rCorr   .          Rampage  .   s - +2 pair of gloves
Will    .....                   (no boots)
Stlth   ..........              (no amulet)
HPRegen 0.27/turn               (no ring)
MPRegen 0.15/turn               (no ring)

@: berserking (expiring), lethally poisoned (0 -> -7), very quick
A: reduced essence, fangs 1, strong nose, distributed training
a: Renounce Religion, Recall Ancestor, Ancestor Identity


You were on level 7 of the Dungeon.
You worshipped Hepliaklqana.
Hepliaklqana was aware of your devotion.
You visited 2 branches of the dungeon, and saw 8 of its levels.
You also visited: Ossuary.

You collected 505 gold pieces.
You spent 98 gold pieces at shops.

Inventory:

Hand Weapons
 a - a +0 shortbow
 h - a +2 vampiric rapier (weapon)
Missiles
 q - 2 throwing nets
 D - 3 atropa-tipped darts
Armour
 c - a +0 leather armour (worn)
 s - a +2 pair of gloves (worn)
Jewellery
 l - a +6 ring of strength
Wands
 k - a wand of paralysis (23)
Scrolls
 b - 3 scrolls of immolation
 e - 7 scrolls of teleportation
 g - 2 scrolls of poison
 n - a scroll of fog {unknown}
 o - 2 scrolls of enchant armour
 r - a scroll of fear
 t - 2 scrolls of magic mapping
 w - 3 scrolls of enchant weapon
 x - a scroll of torment {unknown}
 y - a scroll of amnesia {unknown}
 z - a scroll of acquirement {unknown}
 C - 2 scrolls of blinking
 F - a scroll of silence {unknown}
Potions
 d - 3 potions of flight {unknown}
 f - 3 potions of degeneration
 i - a potion of ambrosia {unknown}
 j - a potion of attraction {unknown}
 m - 3 potions of brilliance {unknown}
 p - a potion of heal wounds {unknown}
 u - a potion of haste {unknown}
 v - 3 potions of magic {unknown}
 A - 2 potions of invisibility {unknown}
 B - a potion of cancellation {unknown}


   Skills:
 + Level 7.0 Fighting
 + Level 5.1 Short Blades
 + Level 5.1 Long Blades
 + Level 5.1 Axes
 + Level 5.1 Maces & Flails
 + Level 5.1 Polearms
 + Level 5.1 Staves
 + Level 10.0 Ranged Weapons
 + Level 5.1 Throwing
 + Level 5.1 Armour
 + Level 7.0 Dodging
 + Level 5.7 Stealth
 + Level 5.1 Shields
 + Level 5.1 Unarmed Combat
 + Level 5.1 Spellcasting
 + Level 4.2 Conjurations
 + Level 4.2 Hexes
 + Level 4.2 Summonings
 + Level 4.2 Necromancy
 + Level 4.2 Translocations
 + Level 4.2 Transmutations
 + Level 4.2 Fire Magic
 + Level 4.2 Ice Magic
 + Level 4.2 Air Magic
 + Level 4.2 Earth Magic
 + Level 4.2 Poison Magic
 + Level 5.6 Invocations
 + Level 5.1 Evocations


You had 19 spell levels left.
You didn't know any spells.
Your spell library contained the following spells:

 Spells                   Type           Power      Damage    Failure   Level
 Ozocubu's Armour         Ice            9%         N/A       17%         3
 Metabolic Englaciation   Hex/Ice        4%         N/A       83%         5
 Simulacrum               Ice/Necr       4%         N/A       100%        6


Dungeon Overview and Level Annotations

Branches:
Dungeon (7/15)             Temple (1/1) D:5         Ossuary (visited)

Altars:
Ashenzari
Dithmenos
Elyvilon
Fedhas
Hepliaklqana
Makhleb
Qazlal
Ru
Sif Muna
Trog
Uskayaw
Vehumet
Wu Jian
Xom
Yredelemnul
The Shining One

Shops:
D:6 *

Annotations:
D:5 1 runed translucent door
D:6 2 transporters, keekatzer's ghost, novice GrGl


Innate Abilities, Weirdness & Mutations

Your life essence is reduced to manifest your ancestor. (-10% HP)
You have very sharp teeth.
Your uncanny sense of smell can sniff out nearby items.
Your experience applies equally to all skills.


Message History

The killer bee barely misses you.
You closely miss the killer bee. The killer bee barely misses you.
The killer bee stings you.
* * * LOW HITPOINT WARNING * * *
You are poisoned.
The killer bee poisons you!
A red film seems to cover your vision as you go berserk!
You feel yourself moving faster!
You feel mighty!
You feel sick. The killer bee stings you.
* * * LOW HITPOINT WARNING * * *
The killer bee closely misses you.
You barely miss the killer bee.
The killer bee stings you but does no damage.
You puncture the killer bee!
The killer bee is heavily wounded.
You feel sick.
The killer bee stings you but does no damage.
The killer bee closely misses you.
You hit the killer bee.
You feel better.
Your punch misses the killer bee.
The killer bee is almost dead.
You feel sick. The killer bee misses you.
You miss the killer bee.
The killer bee is almost dead.
The killer bee stings you.
* * * LOW HITPOINT WARNING * * *
You are lethally poisoned!
The killer bee poisons you!
You barely miss the killer bee.
The killer bee is almost dead.
* * * LOW HITPOINT WARNING * * *
You feel sick. The killer bee closely misses you.
You puncture the killer bee!
You kill the killer bee!
* * * LOW HITPOINT WARNING * * *
You feel sick.
You are too berserk!
* * * LOW HITPOINT WARNING * * *
You feel sick.
You feel a strong urge to attack something.
You die...

#. ..#. #.. #..# . #..
##..## ..#..####....##
.....#.......#
#........# .####......#
......)....# #
...##..)##@# ∆ ##. ..
##.)##†# ..# ...
#..##†.#. ..# #.###
#).##....
..###...####..........
...##........####.......
<...#........####.......
#.......................
#............#....##....


There were no monsters in sight!

Vanquished Creatures
  A two-headed ogre (D:6)
  A hornet (D:4)
  A steam dragon (D:6)
  2 water moccasins
  An orc warrior (D:6)
  3 ogres
  2 centaurs
  2 phantoms
  A kobold brigand (D:7)
  2 scorpions
  4 wights (D:7)
  6 killer bees (D:7)
  3 howler monkeys (D:4)
  7 hounds
  5 orc priests
  2 human zombies (Ossuary)
  4 iguanas
  4 orc wizards
  5 mummies
  25 gnolls
  6 adders
  A white imp (D:6)
  An ufetubus (D:4)
  3 adder zombies (Ossuary)
  A worm (D:4)
  2 dart slugs
  49 orcs
  6 endoplasms
  3 giant cockroaches
  A gnoll zombie (Ossuary)
  11 goblins
  10 hobgoblins
  20 jackals
  5 quokkas
  2 ball pythons (D:2)
  6 bats
  4 frilled lizards
  A goblin zombie (Ossuary)
  3 jackal zombies (Ossuary)
  12 kobolds
  23 rats
  2 rat zombies (Ossuary)
253 creatures vanquished.

Vanquished Creatures (collateral kills)
  A wight (D:7)
  An orc priest (D:7)
  An iguana (D:6)
  2 kobolds (D:7)
5 creatures vanquished.

Vanquished Creatures (others)
  A centaur (D:6)
  An ogre (D:6)
  A bullfrog (D:6)
  A hound (D:6)
  An iguana (D:6)
  4 ancestors
9 creatures vanquished.

Grand Total: 267 creatures vanquished

Notes
Turn   | Place    | Note
-------+----------+-------------------------------------------
     0 | D:1      | greasedhog the Gnoll Hunter began the quest for the Orb.
     0 | D:1      | Reached XP level 1. HP: 20/20 MP: 1/1
    86 | D:1      | Reached XP level 2. HP: 26/26 MP: 2/2
   298 | D:1      | Found a faded altar of an unknown god.
  1030 | D:2      | Reached XP level 3. HP: 31/31 MP: 3/3
  1285 | D:2      | Reached skill level 1 in Invocations
  1542 | D:2      | Reached skill level 1 in Short Blades
  1542 | D:2      | Reached skill level 1 in Long Blades
  1542 | D:2      | Reached skill level 1 in Axes
  1542 | D:2      | Reached skill level 1 in Maces & Flails
  1542 | D:2      | Reached skill level 1 in Polearms
  1542 | D:2      | Reached skill level 1 in Staves
  1542 | D:2      | Reached skill level 1 in Throwing
  1542 | D:2      | Reached skill level 1 in Armour
  1542 | D:2      | Reached skill level 1 in Shields
  1542 | D:2      | Reached skill level 1 in Unarmed Combat
  1542 | D:2      | Reached skill level 1 in Spellcasting
  1542 | D:2      | Reached skill level 1 in Evocations
  1898 | D:3      | Reached XP level 4. HP: 35/38 MP: 5/5
  2280 | D:3      | Reached skill level 1 in Conjurations
  2280 | D:3      | Reached skill level 1 in Hexes
  2280 | D:3      | Reached skill level 1 in Summonings
  2280 | D:3      | Reached skill level 1 in Necromancy
  2280 | D:3      | Reached skill level 1 in Translocations
  2280 | D:3      | Reached skill level 1 in Transmutations
  2280 | D:3      | Reached skill level 1 in Fire Magic
  2280 | D:3      | Reached skill level 1 in Ice Magic
  2280 | D:3      | Reached skill level 1 in Air Magic
  2280 | D:3      | Reached skill level 1 in Earth Magic
  2280 | D:3      | Reached skill level 1 in Poison Magic
  2630 | D:4      | Reached XP level 5. HP: 12/43 MP: 5/7
  3134 | D:4      | Noticed an ogre
  3300 | D:4      | Reached skill level 5 in Fighting
  3300 | D:4      | Reached skill level 5 in Dodging
  3300 | D:4      | Reached XP level 6. HP: 49/51 MP: 8/8
  3586 | D:4      | Reached XP level 7. HP: 56/56 MP: 10/10
  3621 | D:4      | HP: 1/56 [gnoll/+0 halberd (10)]
  4181 | D:4      | Reached skill level 9 in Ranged Weapons
  4601 | D:4      | Noticed a hornet
  4607 | D:4      | Paralysed by a hornet for 2 turns
  4611 | D:4      | Killed a hornet
  4612 | D:4      | Reached XP level 8. HP: 22/63 MP: 12/12
  4617 | D:4      | HP: 3/63 [gnoll/+0 spear (4)]
  4623 | D:4      | HP: 2/94 [gnoll/+0 club (3)]
  5332 | D:5      | Entered Level 5 of the Dungeon
  6306 | D:5      | Found a hide-covered altar of Uskayaw.
  6373 | D:5      | Found a staircase to the Ecumenical Temple.
  6396 | Temple   | Entered the Ecumenical Temple
  6669 | Temple   | Became a worshipper of Hepliaklqana the Forgotten
  6912 | D:5      | Found a runed translucent door.
  7619 | D:6      | Found a sand-covered staircase.
  7630 | Ossuary  | Entered an ossuary
  7662 | Ossuary  | Reached XP level 9. HP: 39/69 MP: 14/14
  8251 | D:6      | Noticed a hornet
  8262 | D:6      | Noticed keekatzer's ghost (novice GrGl)
  8269 | D:6      | Noticed a queen bee
  8282 | D:6      | Found a transporter.
  8292 | D:6      | Reached * piety under Hepliaklqana
  8313 | D:6      | Found Ryqushex's General Store.
  8321 | D:6      | Bought a potion of berserk rage for 70 gold pieces
  8321 | D:6      | Bought a scroll of identify for 28 gold pieces
  8368 | D:6      | Found a transporter.
  8502 | D:5      | Reached skill level 5 in Stealth
  8793 | D:6      | Noticed a two-headed ogre
  8804 | D:6      | Killed a two-headed ogre
  8805 | D:6      | Reached skill level 5 in Invocations
  9177 | D:6      | Found a shimmering altar of Xom.
  9644 | D:7      | Reached skill level 5 in Short Blades
  9644 | D:7      | Reached skill level 5 in Long Blades
  9644 | D:7      | Reached skill level 5 in Axes
  9644 | D:7      | Reached skill level 5 in Maces & Flails
  9644 | D:7      | Reached skill level 5 in Polearms
  9644 | D:7      | Reached skill level 5 in Staves
  9644 | D:7      | Reached skill level 5 in Throwing
  9644 | D:7      | Reached skill level 5 in Armour
  9644 | D:7      | Reached skill level 5 in Shields
  9644 | D:7      | Reached skill level 5 in Unarmed Combat
  9644 | D:7      | Reached skill level 5 in Spellcasting
  9644 | D:7      | Reached skill level 5 in Evocations
  9749 | D:7      | Reached XP level 10. HP: 69/69 MP: 17/17
  9768 | D:7      | Reached skill level 10 in Ranged Weapons
  9789 | D:7      | HP: 5/106 [killer bee (3)]
  9794 | D:7      | HP: 3/106 [poisoned by a killer bee]
  9796 | D:7      | HP: 1/106 [poisoned by a killer bee]
  9797 | D:7      | Succumbed to a killer bee's poison

Illustrated notes

Levels and vault maps discovered:
D:1:      tarquinn_simple_flora_water_d, layout_basic,
          shapermc_ecumenical_altar_petra
D:2:      layout_loops_corners, minmay_rat_hole
D:3:      layout_loops_ring
D:4:      lemuel_castle_with_subvaults [lemuel_castle_interior_carwin_2],
          layout_basic, grunt_ministairs_10
D:5:      corexii_shantytown, layout_basic, kennysheep_little_box,
          minmay_temple_entry_large_hall, lightli_church_of_beogh
D:6:      layout_loops_cross, xom_confusion_cloud, serial_shops, shop,
          gammafunk_ghost_hive, gup_ossuary_entry_pyramid
D:7:      layout_layer_cave, uniq_prince_ribbit1
Temple:   minmay_temple_curvy_branch

Skill      XL: |  1  2  3  4  5  6  7  8  9 10 |
---------------+-------------------------------+-----
Invocations    | 1 2 3 4 5 |  5.6
Short Blades   | 1 2 3 5 |  5.1
Long Blades    | 1 2 3 5 |  5.1
Axes           | 1 2 3 5 |  5.1
Maces & Flails | 1 2 3 5 |  5.1
Polearms       | 1 2 3 5 |  5.1
Staves         | 1 2 3 5 |  5.1
Throwing       | 1 2 3 5 |  5.1
Armour         | 1 2 3 5 |  5.1
Shields        | 1 2 3 5 |  5.1
Unarmed Combat | 1 2 3 5 |  5.1
Spellcasting   | 1 2 3 5 |  5.1
Evocations     | 1 2 3 5 |  5.1
Conjurations   | 1 2 3 4 |  4.2
Hexes          | 1 2 3 4 |  4.2
Summonings     | 1 2 3 4 |  4.2
Necromancy     | 1 2 3 4 |  4.2
Translocations | 1 2 3 4 |  4.2
Transmutations | 1 2 3 4 |  4.2
Fire Magic     | 1 2 3 4 |  4.2
Ice Magic      | 1 2 3 4 |  4.2
Air Magic      | 1 2 3 4 |  4.2
Earth Magic    | 1 2 3 4 |  4.2
Poison Magic   | 1 2 3 4 |  4.2
Stealth        | 3 4 5 |  5.7
Fighting       | 5 6 7 |  7.0
Dodging        | 5 6 7 |  7.0
Ranged Weapons | 9 10 | 10.0

Action                   |  1- 3 |  4- 6 |  7- 9 | 10-12 || total
-------------------------+-------+-------+-------+-------++-------
Melee: Rapier            |       |       |    39 |     7 ||    46
       Bite              |       |       |    11 |       ||    11
       Punch             |       |       |     1 |       ||     1
 Fire: Shortbow          |   106 |   217 |   552 |    28 ||   903
Evoke: Wand              |       |       |     7 |       ||     7
  Use: Scroll            |     4 |       |     4 |       ||     8
       Potion            |       |       |     4 |     1 ||     5
Armor: Leather armour    |     5 |    39 |   126 |     5 ||   175
       Skin              |       |       |     6 |       ||     6
Dodge: Dodged            |    18 |    86 |   350 |    28 ||   482
